 Dungeon Crawl Stone Soup version 0.17-a0-543-g13d7571 (webtiles) character file.

56 terroien the Cudgeler (level 3, -3/37 HPs)
             Began as a Troll Berserker on Apr 12, 2015.
             Was a Believer of Trog.
             Slain by a kobold
             ... wielding a +0 short sword
              (6 damage)
             ... on level 2 of the Dungeon.
             The game lasted 00:06:25 (827 turns).

terroien the Cudgeler (Troll Berserker)              Turns: 827, Time: 00:06:28

Health: -3/37      AC:  5    Str: 26    XL:     3   Next: 69%
Magic:  0/2        EV: 11    Int:  3    God:    Trog [**....]
Gold:   45         SH:  0    Dex: 13    Spells: 0 memorised, 2 levels left

rFire  . . .     SeeInvis .     a - +0 mace
rCold  . . .     Clarity  .     b - +0 animal skin
rNeg   . . .     SustAb   .     (no shield)
rPois  .         Gourm    +     (helmet restricted)
rElec  .         Spirit   +     (no cloak)
rCorr  .         Warding  .     (gloves unavailable)
rMut   .         Stasis   .     (boots unavailable)
MR     .....                    e - amulet of guardian spirit
Stlth  +.........               (no ring)
                                f - +4 ring of dexterity

@: not resistant to hostile enchantments, very unstealthy
A: unfitting armour, claws 3, fast metabolism 3, gourmand, regeneration 2,
shaggy fur 1, tough skin 2
a: Burn Spellbooks, Berserk, Trog's Hand, Renounce Religion


You were on level 2 of the Dungeon.
You worshipped Trog.
Trog was pleased with you.
You were very hungry.

You visited 1 branch of the dungeon, and saw 2 of its levels.

You collected 45 gold pieces.

Inventory:

Hand weapons
 a - a +0 mace (weapon)
Armour
 b - a +0 animal skin (worn)
Jewellery
 e - an amulet of guardian spirit (around neck)
 f - a +4 ring of dexterity (left claw)
 m - a cursed -3 ring of evasion {unknown}
Scrolls
 h - 4 scrolls of identify {unknown}
 i - a scroll of magic mapping {unknown}
 l - a scroll of teleportation {unknown}
Potions
 d - 2 potions of haste {unknown}
 g - 2 potions of invisibility {unknown}
 j - a potion of heal wounds {unknown}
 n - a potion of curing {unknown}
Comestibles
 c - 3 bread rations
 k - 2 fruits


   Skills:
 + Level 3.0 Fighting
 + Level 3.2 Maces & Flails
 + Level 2.9 Dodging
 + Level 0.1 Stealth


You had 2 spell levels left.
You didn't know any spells.

Dungeon Overview and Level Annotations

Branches:
Dungeon (2/15)

Altars:

Annotations:
D:2 Natasha, Terence


Innate Abilities, Weirdness & Mutations

You are too large for most types of armour.
You have claws for hands.
Your metabolism is lightning-fast.
You like to eat raw meat.
You heal very quickly.
You are covered in fur (AC +1).
You have very tough skin (AC +2).


Message History

You hit Terence but do no damage.
Terence is severely wounded.
The kobold hits you with a short sword.
* * * LOW HITPOINT WARNING * * *
Terence hits you with a short sword of protection!
* * * LOW HITPOINT WARNING * * *
You hit Terence but do no damage.
Terence is severely wounded.
The kobold misses you. Natasha stares at you.
You feel troubled. Terence closely misses you.
You hit Terence.
Terence is almost dead.
You are feeling very hungry.
The kobold barely misses you.
Terence hits you with a short sword of protection.
* * * LOW HITPOINT WARNING * * *
The kobold hits you with a short sword.
You die...

))......... ...........
.......### .......###
.........# .........####
############# ..#####.....#
#..##........
#.....##....###..K5.#...#..#
###
#...........@@g.......###
####.##)#.####h#.(.......
#......# #h.......###
#####...#####..†.........
.##...#....5...§.%.........
................5.####......
.....................#.....
...............##....# ..
..............#......(....


You could see Terence, Natasha, a shadow imp, a goblin and a kobold.

Vanquished Creatures
  Natasha (D:2)
  A giant gecko (D:1)
  A ball python (D:2)
  2 bats
  5 goblins
  3 hobgoblins
  4 jackals (D:2)
  2 giant newts
  3 kobolds (D:1)
  8 rats
30 creatures vanquished.

Notes
Turn   | Place    | Note
--------------------------------------------------------------
     0 | D:1      | terroien, the Troll Berserker, began the quest for the Orb.
     0 | D:1      | Reached XP level 1. HP: 22/22 MP: 0/0
   303 | D:1      | Reached XP level 2. HP: 29/29 MP: 1/1
   682 | D:2      | Noticed Natasha
   688 | D:2      | Killed Natasha
   688 | D:2      | Reached skill level 3 in Maces & Flails
   688 | D:2      | Reached XP level 3. HP: 29/36 MP: 2/2
   704 | D:2      | Acquired Trog's second power
   787 | D:2      | Noticed Terence
   789 | D:2      | Noticed Natasha
   827 | D:2      | Slain by a kobold

Action                   || total
-------------------------++-------
Melee: Mace              ||    96
  Eat: Chunk             ||     4
